 Dungeon Crawl Stone Soup version 0.31-a0-978-g1e143483b6 (webtiles) character file.

Game seed: 3058086748797199445

591 Dirtsage the Ruffian (level 7, -1/69 HPs)
             Began as an Octopode Shapeshifter on Oct 30, 2023.
             Slain by a gnoll
             ... wielding a +0 spear
             ... led by a gnoll bouda
              (4 damage)
             ... on level 3 of the Dungeon.
             The game lasted 00:07:19 (3122 turns).

Dirtsage the Ruffian (Octopode Shapeshifter)        Turns: 3122, Time: 00:07:20

Health: -1/69      AC:  1    Str: 14    XL:     7   Next: 39%
Magic:  7/7        EV: 13    Int: 12    God:
Gold:   118        SH:  0    Dex: 13    Spells: 6/6 levels left

rFire   + .          .
                       - Unarmed
rCold   + . .        (no shield)
rNeg    . . .        (helmet currently unavailable)
rPois   +            (no amulet)
rElec   .            I - ring of protection from cold
rCorr   .            P - ring of poison resistance
SInv    .            F - ring of protection from fire
Will    .....        (no ring) Stlth
                     (no ring)
HPRegen 0.31/turn    (no ring)
MPRegen 0.10/turn    (no ring)
                     (no ring)

%: no passive effects
@: berserking, beast-form, weakened, very quick
A: beast (slay +3), almost no armour, amphibious, 8 rings, camouflage 1,
gelatinous body 1, (nimble swimmer 1), tentacles
a: Begin Untransformation


You were on level 3 of the Dungeon.
You were a hulking beast.
You visited 1 branch of the dungeon, and saw 4 of its levels.
You also visited: Ossuary.

You collected 442 gold pieces.
You spent 324 gold pieces at shops.

Inventory:

Jewellery
 F - a ring of protection from fire (on tentacle)
 I - a ring of protection from cold (left tentacle)
 P - a ring of poison resistance (right tentacle)
Talismans
 b - a beast talisman
 c - a flux talisman
 g - a granite talisman
Scrolls
 d - a scroll of poison
 f - a scroll of enchant armour
 k - a scroll of torment
 m - a scroll of fog
 o - a scroll of summoning
 p - a scroll of amnesia
 B - a scroll of blinking
Potions
 a - a potion of lignification
 e - a potion of mutation
 h - a potion of might {unknown}
 j - a potion of ambrosia
 l - 2 potions of enlightenment
 n - a potion of berserk rage
 q - a potion of curing


   Skills:
 + Level 3.4 Fighting
 - Level 2.0 Dodging
 * Level 5.6 Unarmed Combat
 * Level 5.3 Shapeshifting


You had 6 spell levels left.
You didn't know any spells.
Your spell library contained the following spells:

 Spells                   Type           Power      Damage    Failure   Level
 Magic Dart               Conj           0%         1d3       32%         1
 Call Imp                 Summ           0%         N/A       45%         2
 Mephitic Cloud           Conj/Pois/Air  0%         N/A       69%         3


Dungeon Overview and Level Annotations

Branches:
Dungeon (4/15)            Ossuary (visited)
 Temple: D:4-7

Altars:
Okawaru

Shops:
D:2 ?


Innate Abilities, Weirdness & Mutations

You are a hulking beast.
Your limbs bulge with bestial killing power. (Slay +3)
You cannot wear most types of armour.
You are amphibious.
You can wear up to eight rings at the same time.
Your skin changes colour to match your surroundings (Stealth+).
Your rubbery body absorbs attacks. (AC +1, EV +1)
((You are camouflaged when in or above water. (Stealth+)))
You have tentacles for arms and can constrict up to eight enemies at once.


Message History

You tentacle-slap the gnoll bouda. You grab the gnoll bouda.
You tentacle-slap the gnoll bouda, but do no damage.
The gnoll bouda is lightly wounded.
You constrict the gnoll bouda, but do no damage.
The gnoll hits you from afar with a +0 spear.
* * * LOW HITPOINT WARNING * * *
The gnoll bouda gazes fiercely through you!
You feel your attacks grow feeble.
The gnoll bouda hits you with a +0 whip.
* * * LOW HITPOINT WARNING * * *
You take 4 damage, and have 11/46 hp.
Okay, then.
A red film seems to cover your vision as you go berserk!
You feel yourself moving faster!
You feel mighty!
You constrict the gnoll bouda, but do no damage.
The gnoll hits you from afar with a +0 spear!
* * * LOW HITPOINT WARNING * * *
The gnoll bouda hits you with a +0 whip.
* * * LOW HITPOINT WARNING * * *
You now have 3/69 hp.
You bludgeon the gnoll bouda! You squeeze the gnoll bouda.
The gnoll bouda is severely wounded.
You constrict the gnoll bouda. The gnoll barely misses you.
The gnoll shouts!
You bludgeon the gnoll bouda!
You kill the gnoll bouda!
The gnoll hits you from afar with a +0 spear.
* * * LOW HITPOINT WARNING * * *
You take 1 damage, and have 2/69 hp.
The gnoll is no longer moving quickly.
Things that are here:
a +0 whip; a +0 leather armour; a +0 spear You barely miss the gnoll.
You grab the gnoll. You squeeze the gnoll!
The gnoll is almost dead.
You constrict the gnoll.
You kill the gnoll!
You bludgeon the rat!
You kill the rat!
The gnoll hits you with a +0 spear.
You die...

.......#....## #...##...
#.##...##########.##...
##....# #......##..†
##.#.###.##.#.##...
#†.......#.#.##... ... .
#.#.###)...#.##... ..#.....#
#.#..##.####.##... ......#.#
#)# ..#.####.##.#. .........
#h# #.#...........
.....g.#####g#....h##........
#...g.g..!..#####.##.....###
#.##..g.............##.....#
.......)#..##.......+h.....###
..#......#.......#..#####.#
#.P....#)####.......###.#
#...)P.#.####g.##....##.'
#.P.(..#§.......###..##.#


You could see a gnoll (swift).

Vanquished Creatures
  Sigmund (D:2)
  An elf zombie (Ossuary)
  A gnoll bouda (D:3)
  Jessica (D:2)
  Natasha (twice) (D:2)
  An orc wizard (D:4)
  2 mummies (Ossuary)
  4 gnolls
  7 adders
  A worm zombie (D:4)
  2 dart slugs
  6 orcs (D:4)
  10 endoplasms
  3 giant cockroaches
  2 gnoll zombies
  8 goblins
  8 hobgoblins
  10 jackals
  2 kobolds
  3 quokkas
  5 ball pythons
  5 bats
  A frilled lizard (D:2)
  4 goblin zombies (Ossuary)
  3 hobgoblin zombies (Ossuary)
  5 orc zombies (Ossuary)
  11 rats
109 creatures vanquished.

Notes
Turn   | Place    | Note
-------+----------+-------------------------------------------
     0 | D:1      | Dirtsage the Octopode Shapeshifter began the quest for the
                  | Orb.
     0 | D:1      | Reached XP level 1. HP: 13/13 MP: 1/1
   135 | D:1      | Reached XP level 2. HP: 7/18 MP: 2/2
   635 | D:1      | Reached XP level 3. HP: 23/23 MP: 3/3
  1049 | D:2      | Noticed Natasha
  1056 | D:2      | Killed Natasha
  1057 | D:2      | Reached XP level 4. HP: 19/29 MP: 4/4
  1318 | D:2      | Noticed Sigmund
  1325 | D:2      | Killed Sigmund
  1326 | D:2      | Reached XP level 5. HP: 21/35 MP: 5/5
  1326 | D:2      | Reached XP level 6. HP: 25/41 MP: 6/6
  1668 | D:2      | Noticed Jessica
  1672 | D:2      | Killed Jessica
  1698 | D:2      | You fall into a shaft and drop 2 floors!
  1756 | D:4      | Reached skill level 5 in Unarmed Combat
  2019 | D:4      | Found an iron altar of Okawaru.
  2096 | D:4      | Found a sand-covered staircase.
  2110 | Ossuary  | Entered an ossuary
  2138 | Ossuary  | Reached skill level 5 in Shapeshifting
  2138 | Ossuary  | Reached XP level 7. HP: 42/46 MP: 7/7
  2892 | D:2      | Noticed Natasha
  2900 | D:2      | Killed Natasha
  3002 | D:2      | Found Sariy's Magic Scroll Shoppe.
  3005 | D:2      | Bought a scroll of identify for 24 gold pieces
  3005 | D:2      | Bought a scroll of blinking for 90 gold pieces
  3005 | D:2      | Bought a scroll of summoning for 114 gold pieces
  3005 | D:2      | Bought a scroll of identify for 24 gold pieces
  3005 | D:2      | Bought a scroll of identify for 24 gold pieces
  3005 | D:2      | Bought a scroll of amnesia for 48 gold pieces
  3116 | D:3      | HP: 3/69 [gnoll bouda/+0 whip (4)]
  3122 | D:3      | Slain by a gnoll

Illustrated notes

Levels and vault maps discovered:
D:1:      dpeg_arrival_refuge, layout_basic, st_stairs_6, serial_bayou_pond_a
D:2:      layout_basic, serial_shops, nicolae_shop_rolled_up, uniq_natasha,
          uniq_jessica, uniq_sigmund
D:3:      cheibrodos_old_hovel, layout_basic, general_overflow_altar,
          small_statue_intersection, hangedman_decor_points, chequers_arboretum
D:4:      layout_basic, okawaru_gym_becter, enter_ossuary_3

Skill      XL: |  1  2  3  4  5  6 |
---------------+-------------------+-----
Fighting       | 2 3 |  3.4
Unarmed Combat | 4 5 |  5.6
Shapeshifting  | 4 5 |  5.3
Dodging        | |  2.0

Action                     |  1- 3 |  4- 6 |  7- 9 || total
---------------------------+-------+-------+-------++-------
  Melee: Unarmed           |    59 |    90 |    58 ||   207
         Constrict         |    18 |    25 |    18 ||    61
         Tentacles         |     7 |    24 |    13 ||    44
         Punch             |     2 |     8 |     4 ||    14
    Use: Scroll            |       |     6 |     5 ||    11
         Potion            |       |       |     1 ||     1
   Stab: Sleeping          |     5 |     9 |     4 ||    18
 Armour: Skin              |    23 |    31 |    31 ||    85
  Dodge: Dodged            |    24 |    35 |    39 ||    98

Table legend: (Time is in decaauts)
 A = Elapsed time spent in this place.
 B = Non-inter-level travel time spent in this place.
 C = Inter-level travel time spent in this place.
 D = Time resting spent in this place.
 E = Time spent auto-exploring this place.
 F = Levels seen in this place.
 G = Mean time per level.
                   A        B        C        D        E       F      G
               +--------+--------+--------+--------+--------+-----+--------+
         Total |   3110 |   2984 |    126 |    233 |   2134 |   5 |  622.0 |
       Dungeon |   2994 |   2868 |    126 |    233 |   2074 |   4 |  748.5 |
       Ossuary |    115 |    115 |      0 |      0 |     60 |   1 |  115.0 |
               +--------+--------+--------+--------+--------+-----+--------+

Top non-repeatable levels by time:
     D:2: 1255 daAuts
     D:1: 896 daAuts
     D:4: 498 daAuts
     D:3: 344 daAuts
 Ossuary: 115 daAuts
